 Dungeon Crawl Stone Soup version 0.17-a0-2122-g03d97ec (webtiles) character file.

1021 brucemayne the Cleaver (level 8, -7/58 HPs)
             Began as a Demonspawn Berserker on Oct 21, 2015.
             Was a Follower of Trog.
             Killed from afar by Sigmund (9 damage)
             ... with a puff of flame
             ... on level 6 of the Dungeon.
             The game lasted 00:05:45 (1325 turns).

brucemayne the Cleaver (Demonspawn Berserker)       Turns: 1325, Time: 00:05:45

Health: -7/58      AC:  8    Str: 24    XL:     8   Next: 2%
Magic:  8/8        EV:  5    Int:  8    God:    Trog [*.....]
Gold:   66         SH:  8    Dex: 12    Spells: 0 memorised, 7 levels left

rFire  . . .     SeeInvis .     q - +0 war axe
rCold  . . .     Clarity  .     j - +0 chain mail
rNeg   . . .     SustAt   .     h - +0 shield
rPois  .         Gourm    .     (helmet restricted)
rElec  .         Spirit   .     (no cloak)
rCorr  +         Warding  .     (no gloves)
rMut   .         Stasis   .     (no boots)
MR     .....                    m - amulet of resist corrosion
Stlth  ..........               (no ring)
                                o - -2 ring of dexterity

@: mighty, lethally poisoned (-7 -> -14), marked, not resistant to hostile
enchantments, extremely unstealthy
A: antennae 1, claws 2, rot immunity
a: Berserk, Burn Spellbooks, Renounce Religion


You were on level 6 of the Dungeon.
You worshipped Trog.
Trog was aware of your devotion.
You were very full.

You visited 1 branch of the dungeon, and saw 6 of its levels.

You collected 66 gold pieces.

Inventory:

Hand Weapons
 a - a +0 hand axe
 q - a +0 war axe (weapon)
 v - a +1 whip of flaming
Armour
 b - a +0 animal skin
 d - a +0 ring mail
 h - a +0 shield (worn)
 j - a +0 chain mail (worn)
Jewellery
 m - an amulet of resist corrosion (around neck)
 o - a -2 ring of dexterity (left claw)
Wands
 f - a wand of digging (11)
 l - a wand of flame (16)
 n - a wand of paralysis (11)
 u - a wand of cold (5)
Scrolls
 i - a scroll of identify
 r - 2 scrolls of remove curse
 t - a scroll of magic mapping {unknown}
Potions
 e - 2 potions of flight
 p - 2 potions of poison
Comestibles
 c - 2 bread rations
 s - a chunk of flesh


   Skills:
 - Level 3.0 Fighting
 + Level 9.0 Axes
 - Level 1.7 Armour
 - Level 1.7 Dodging


You had 7 spell levels left.
You didn't know any spells.

Dungeon Overview and Level Annotations

Branches:
Dungeon (6/15)
 Temple: D:4-7

Altars:
Dithmenos
Nemelex Xobeh
Xom
The Shining One

Shops:
D:4 [

Annotations:
D:6 Sigmund


Innate Abilities, Weirdness & Mutations

You have a pair of small antennae on your head.
You have very sharp fingernails.
You are immune to rotting.


Message History

The centaur hits you but does no damage.
The ogre hits the freed slave with a giant spiked club!!
The freed slave dies!
You slash the centaur!
You kill the centaur!
Trog accepts your kill.
Your Axes skill increases to level 9!
You have reached level 8!
You feel agile.
Your demonic ancestry asserts itself...
You feel immune to rotting.
You feel less exhausted.
* * * LOW HITPOINT WARNING * * *
You feel sick.
Unknown command.
* * * LOW HITPOINT WARNING * * *
You feel sick.
You see here an arrow.
Sigmund gestures at you while chanting. The puff of flame hits you!
You die...

##### #... #
####.######....
#..((@(.@c[l..#
#p##.########.#
#.##.# #.##.#
###.##.#
#......#
#.###..# #.#
..# #.###.##


You could see Sigmund, a centaur, a giant newt and a neutral freed slave
(wandering).

Vanquished Creatures
  Pikel (D:6)
  Grinder (D:3)
  An ice beast (D:5)
  A centaur (D:6)
  A scorpion (D:5)
  A crimson imp (D:5)
  A worker ant zombie (D:5)
  6 adders
  2 shadow imps (D:5)
  An adder skeleton (D:5)
  3 orcs
  4 giant cockroaches
  2 goblins
  3 hobgoblins
  3 bats (D:2)
  A giant newt (D:2)
  2 kobolds (D:2)
  4 rats
38 creatures vanquished.

Vanquished Creatures (others)
  A slave (D:6)
1 creature vanquished.

Grand Total: 39 creatures vanquished

Notes
Turn   | Place    | Note
--------------------------------------------------------------
     0 | D:1      | brucemayne the Demonspawn Berserker began the quest for the Orb.
     0 | D:1      | Reached XP level 1. HP: 18/18 MP: 1/1
   194 | D:2      | Gained mutation: You have sharp fingernails. [demonic ancestry]
   194 | D:2      | Reached XP level 2. HP: 24/24 MP: 2/2
   242 | D:2      | Found a glowing golden altar of the Shining One.
   245 | D:2      | Found a sparkling altar of Nemelex Xobeh.
   288 | D:3      | Reached XP level 3. HP: 17/29 MP: 3/3
   319 | D:3      | Reached skill level 4 in Axes
   391 | D:2      | Found a faded altar to an unknown god.
   569 | D:2      | Gained mutation: You have very sharp fingernails. [demonic ancestry]
   569 | D:2      | Reached XP level 4. HP: 10/35 MP: 4/4
   659 | D:3      | Noticed Grinder
   660 | D:3      | Paralysed by Grinder for 7 turns
   696 | D:4      | Found Vataxze's Antique Armour Boutique.
   731 | D:4      | Found a shimmering altar of Xom.
   744 | D:5      | Entered Level 5 of the Dungeon
   790 | D:3      | Reached ** piety under Trog
   818 | D:3      | Killed Grinder
   818 | D:3      | Reached skill level 6 in Axes
   818 | D:3      | Gained mutation: You have a pair of small antennae on your head. [demonic ancestry]
   818 | D:3      | Reached XP level 5. HP: 16/41 MP: 5/5
   818 | D:3      | Reached XP level 6. HP: 18/47 MP: 6/6
  1000 | D:5      | Noticed an ice beast
  1021 | D:5      | HP: 1/47 [ice beast (6)]
  1069 | D:5      | Killed an ice beast
  1136 | D:5      | Reached skill level 7 in Axes
  1157 | D:5      | Found a shadowy altar of Dithmenos.
  1250 | D:6      | Noticed Pikel
  1279 | D:6      | Killed Pikel
  1279 | D:6      | Reached skill level 8 in Axes
  1279 | D:6      | Reached XP level 7. HP: 7/52 MP: 7/7
  1318 | D:6      | Noticed Sigmund
  1323 | D:6      | Reached skill level 9 in Axes
  1323 | D:6      | Gained mutation: You are immune to rotting. [demonic ancestry]
  1323 | D:6      | Reached XP level 8. HP: 5/58 MP: 8/8
  1324 | D:6      | HP: 2/58 [poison (a potion of poison)]
  1325 | D:6      | Killed from afar by Sigmund

Vault maps used:
D:1:      lemuel_arrival_tunnels
D:2:      led_sif_pool, minitemple, ecumenical_altar_2,
          nemelex_dance_club_becter
D:3:      roderic_lattice_a, uniq_terence, uniq_grinder
D:4:      lemuel_crystal_altar, serial_shops, shop, nicolae_shop_trees,
          kennysheep_little_box, nicolae_shop_temple_entry_statues_fountains,
          nicolae_shop_behind_doors, due_unseen_surprise
D:5:      kennysheep_mini_moat, first_bread
D:6:      grunt_temple_overflow_growth_and_decay, slow_altar_2,
          kennysheep_small_circle, uniq_pikel, uniq_sigmund

Action                   |  1- 3 |  4- 6 |  7- 9 || total
-------------------------+-------+-------+-------++-------
Melee: Hand axe          |    96 |    32 |       ||   128
       War axe           |       |    70 |     3 ||    73
Invok: Berserk           |     3 |     5 |       ||     8
       Trog's Hand       |       |     4 |     1 ||     5
  Use: Scroll            |     2 |     1 |     2 ||     5
       Potion            |     2 |       |     2 ||     4
  Eat: Beef jerky        |     1 |       |       ||     1
       Chunk             |       |     6 |       ||     6
       Meat ration       |       |     1 |     1 ||     2
